 Dungeon Crawl Stone Soup version 0.19-a0-1821-g42c593c (webtiles) character file.

6415 kae the Carver (level 11, -11/90 HPs)
             Began as a Formicid Fighter on Oct 6, 2016.
             Was an Elder of Okawaru.
             Mangled by Nattefrost's ghost (15 damage)
             ... on level 9 of the Dungeon.
             The game lasted 00:16:53 (12040 turns).

kae the Carver (Formicid Fighter)                  Turns: 12040, Time: 00:16:54

Health: -11/90     AC: 12    Str: 23    XL:     11   Next: 18%
Magic:  14/16      EV: 12    Int:  9    God:    Okawaru [****..]
Gold:   443        SH: 14    Dex: 10    Spells: 0 memorised, 10 levels left

rFire  . . .     SeeInvis +     z - +1 falchion
rCold  . . .     Gourm    .     u - +0 scale mail (curse)
rNeg   . . .     Faith    .     c - +1 shield
rPois  .         Spirit   .     (helmet unavailable)
rElec  .         Dismiss  .     e - +2 cloak
rCorr  .         Reflect  .     m - +0 pair of gloves
MR     +....     Harm     .     (no boots)
Stlth  +.........               (no amulet)
                                (no ring)
                                (no ring)

@: heroism, studying Fighting
A: permanent stasis, dig shafts and tunnels, four strong arms, antennae 3
a: Dig, Shaft Self, Heroism, Renounce Religion


You were on level 9 of the Dungeon.
You worshipped Okawaru.
Okawaru was greatly pleased with you.
You were hungry.

You visited 2 branches of the dungeon, and saw 10 of its levels.
You also visited: Bailey.

You collected 443 gold pieces.

Inventory:

Hand Weapons
 a - a +0 long sword
 z - a +1 falchion (weapon)
Missiles
 y - 11 javelins of returning (quivered)
Armour
 b - a +0 scale mail
 c - a +1 shield (worn)
 e - a +2 cloak (worn)
 m - a +0 pair of gloves (worn)
 u - a cursed +0 scale mail (worn)
Rods
 G - a +0 rod of shadows (14/14)
   (You found it on level 8 of the Dungeon)
Wands
 j - a wand of polymorph (14/24)
 o - a wand of lightning (7/15)
 q - a wand of random effects (23/48)
 x - a wand of confusion (29/48)
 C - a wand of enslavement (8/24)
Scrolls
 g - 3 scrolls of amnesia
 t - a scroll of remove curse
 w - 2 scrolls of recharging
 E - 4 scrolls of enchant weapon
Potions
 h - 4 potions of brilliance
 i - a potion of cancellation
 n - a potion of curing
 r - 2 potions of ambrosia
Books
 v - a manual of Fighting
 B - a manual of Fighting
Comestibles
 d - 5 chunks of flesh
 f - 8 bread rations
 k - 9 slices of pizza
 l - 2 fruits
 p - 2 meat rations
 s - 3 beef jerkies
 A - 3 royal jellies


   Skills:
 + Level 9.7(14.7) Fighting
 * Level 10.7(15.7) Long Blades
 - Level 3.2(8.2) Armour
 - Level 9.5(14.5) Shields
 + Level 7.4 Invocations


You had 10 spell levels left.
You didn't know any spells.

Dungeon Overview and Level Annotations

Branches:
Dungeon (9/15)             Temple (1/1) D:4
   Lair: D:8-11         Orc: D:9-12

Altars:
Ashenzari
Cheibriados
Dithmenos
Elyvilon
Fedhas
Gozag
Hepliaklqana
Kikubaaqudgha
Makhleb
Nemelex Xobeh
Okawaru
Qazlal
Ru
Sif Muna
Trog
Uskayaw
Vehumet
Xom
Yredelemnul
Zin
The Shining One

Annotations:
D:9 Nattefrost's ghost, novice DsGl


Innate Abilities, Weirdness & Mutations

You are under a permanent stasis effect.
You can dig through walls and to a lower floor.
Your four strong arms can wield two-handed weapons with a shield.
You have a pair of large antennae on your head. (SInv)


Message History

You hit Nattefrost's ghost.
Nattefrost's ghost is severely damaged.
Nattefrost's ghost hits you!
You hit Nattefrost's ghost but do no damage.
Nattefrost's ghost is severely damaged.
You block Nattefrost's ghost's attack.
You gain the combat prowess of a mighty hero.
Nattefrost's ghost hits you!
* * * LOW HITPOINT WARNING * * *
You closely miss Nattefrost's ghost.
Nattefrost's ghost is severely damaged.
Nattefrost's ghost says, "Destruction is an occupation beyond life."
Nattefrost's ghost hits you!
* * * LOW HITPOINT WARNING * * *
You hit Nattefrost's ghost but do no damage.
Nattefrost's ghost is severely damaged.
You closely miss Nattefrost's ghost.
Nattefrost's ghost is severely damaged.
Nattefrost's ghost hits you!
You die...

#######################
......................(
#####...###...####.....
#...# #...# #..###
#...# #...# #..# #
#...# #...# #..# #
#####...###...# #..# #
##....W@..##...# #..# #
#..........#...# #..# #
#......##..#...# #..# #
#...#..##..# #..#
.....######..# .....
#..# .#. ...# # ....
...


You could see Nattefrost's ghost.

Vanquished Creatures
  The ghost of Rationalist the Cleaver, a novice MiGl (Bailey)
  Pikel (D:6)
  A two-headed ogre (D:8)
  A hippogriff (D:7)
  A wyvern (D:9)
  Eustachio (D:6)
  4 hogs (D:8)
  A human (D:8)
  3 slaves (D:6)
  Duvessa (D:7)
  A black bear (D:6)
  11 orc warriors
  A phantom (D:4)
  3 ogres
  11 centaurs
  3 bullfrogs (D:7)
  Dowan (D:7)
  A scorpion (D:4)
  6 killer bees (D:9)
  A howler monkey (D:5)
  2 crimson imps
  4 hounds
  A jelly (D:7)
  9 orc wizards
  4 orc priests
  Crazy Yiuf (D:3)
  2 iguanas
  3 worker ants
  A killer bee zombie (D:5)
  3 gnolls (D:7)
  7 adders
  A shadow imp (D:7)
  2 oozes
  A worm (D:3)
  15 dart slugs
  7 leopard geckos
  50 orcs
  3 giant cockroaches
  7 goblins
  3 hobgoblins
  12 jackals
  A quokka (D:8)
  7 bats
  A frilled lizard (D:1)
  A jackal skeleton (D:5)
  9 kobolds
  A quokka skeleton (D:4)
  16 rats
228 creatures vanquished.

Vanquished Creatures (collateral kills)
  An orc (Bailey)
1 creature vanquished.

Grand Total: 229 creatures vanquished

Notes
Turn   | Place    | Note
-------+----------+-------------------------------------------
     0 | D:1      | kae the Formicid Fighter began the quest for the Orb.
     0 | D:1      | Reached XP level 1. HP: 18/18 MP: 1/1
   177 | D:1      | Reached XP level 2. HP: 24/24 MP: 2/2
   477 | D:1      | Reached XP level 3. HP: 29/29 MP: 3/3
   776 | D:2      | Reached skill level 3 in Long Blades
   878 | D:2      | Reached XP level 4. HP: 32/37 MP: 4/4
  1143 | D:2      | Noticed a moth of wrath
  1146 | D:2      | Found a bloodstained altar of Trog.
  1418 | D:3      | Reached XP level 5. HP: 27/42 MP: 5/5
  1576 | D:3      | Found a runed door.
  1837 | D:3      | Reached skill level 4 in Long Blades
  2151 | D:3      | Reached XP level 6. HP: 38/49 MP: 6/6
  2264 | D:3      | Found a blossoming altar of Fedhas.
  2324 | D:3      | Found a shadowy altar of Dithmenos.
  2523 | D:3      | Reached skill level 5 in Shields
  2601 | D:3      | Noticed Crazy Yiuf
  2613 | D:3      | Killed Crazy Yiuf
  2695 | D:4      | Noticed a phantom
  2889 | D:4      | Killed a phantom
  2889 | D:4      | Reached skill level 5 in Fighting
  2889 | D:4      | Reached skill level 5 in Long Blades
  2889 | D:4      | Reached XP level 7. HP: 22/56 MP: 7/7
  3308 | D:4      | Found a staircase to the Ecumenical Temple.
  3321 | D:4      | Found a sacrificial altar of Ru.
  3321 | D:4      | Found a basalt altar of Yredelemnul.
  3339 | Temple   | Entered the Ecumenical Temple
  3520 | Temple   | Became a worshipper of Warmaster Okawaru
  4163 | D:5      | Entered Level 5 of the Dungeon
  4186 | D:5      | Reached skill level 1 in Invocations
  4349 | D:5      | Reached skill level 6 in Long Blades
  4349 | D:5      | Reached XP level 8. HP: 60/63 MP: 9/9
  4677 | D:5      | Found a snail-covered altar of Cheibriados.
  4778 | D:5      | Reached * piety under Okawaru
  5252 | D:6      | Found a white marble altar of Elyvilon.
  5252 | D:6      | Found a deep blue altar of Sif Muna.
  5252 | D:6      | Found a radiant altar of Vehumet.
  5387 | D:6      | Noticed Eustachio
  5424 | D:6      | Killed Eustachio
  5424 | D:6      | Reached skill level 7 in Long Blades
  5564 | D:6      | Noticed Pikel
  5591 | D:6      | Killed Pikel
  5591 | D:6      | Reached ** piety under Okawaru
  5591 | D:6      | Reached XP level 9. HP: 54/71 MP: 10/12
  6276 | D:7      | Noticed Duvessa
  6277 | D:7      | Noticed Dowan
  6301 | D:7      | Killed Duvessa
  6329 | D:7      | Killed Dowan
  6486 | D:7      | Reached skill level 8 in Long Blades
  6645 | D:7      | HP: 2/72 [orc warrior/halberd (11)]
  7023 | D:7      | Noticed a hippogriff
  7045 | D:7      | Killed a hippogriff
  7045 | D:7      | Reached skill level 5 in Invocations
  7454 | D:7      | Reached *** piety under Okawaru
  7590 | D:8      | Found a flagged portal.
  7614 | Bailey   | Entered a bailey
  7661 | Bailey   | Reached XP level 10. HP: 64/79 MP: 13/13
  8342 | Bailey   | Noticed Rationalist's ghost (novice MiGl)
  8393 | Bailey   | Reached skill level 9 in Long Blades
  8427 | Bailey   | Killed Rationalist's ghost
  9875 | Bailey   | Reached **** piety under Okawaru
 10009 | Bailey   | Reached skill level 10 in Long Blades
 10840 | D:8      | Found a burning altar of Makhleb.
 11270 | D:8      | Reached XP level 11. HP: 58/89 MP: 14/16
 11536 | D:9      | Found a glowing golden altar of the Shining One.
 11984 | D:9      | Noticed Nattefrost's ghost (novice DsGl)
 12038 | D:9      | HP: 4/90 [Nattefrost's ghost (14)]
 12040 | D:9      | Mangled by Nattefrost's ghost

Vault maps used:
D:1:      lightli_arrival_flooded_house, minmay_ruptured
D:2:      first_bread, tgw_trog
D:3:      lemuel_doored_altar, grunt_dithmenos_smoke, uniq_crazy_yiuf_cottage
D:4:      gammafunk_temple_overflow_elements
D:5:      kennysheep_slugbush, lemuel_round_altar
D:6:      black_bear_nest_2, gammafunk_temple_overflow_forgotten, uniq_pikel,
          uniq_eustachio
D:7:      uniq_duvessa
D:8:      makhleb_heckhound_becter, enter_bailey_2, grunt_livestock
D:9:      old_standard_altar, dpeg_oklobed_lair, orc_david_3,
          hangedman_decor_growths
Temple:   grunt_temple_mini_profane
Bailey:   bailey_polearm_flooded_kennysheep, bailey

Skill      XL: |  1  2  3  4  5  6  7  8  9 10 |
---------------+-------------------------------+-----
Shields        | 4 5 7 8 9 |  9.5
Long Blades    | 3 4 5 6 7 8 10 | 10.7
Fighting       | 4 5 6 7 9 |  9.7
Invocations    | 1 4 5 7 |  7.4
Armour         | |  3.2

Action                   |  1- 3 |  4- 6 |  7- 9 | 10-12 || total
-------------------------+-------+-------+-------+-------++-------
Melee: Long sword        |   108 |   209 |   264 |       ||   581
       Falchion          |       |       |   285 |   446 ||   731
       Trident           |       |       |       |    65 ||    65
       Halberd           |       |       |       |    29 ||    29
Throw: Javelin           |       |       |       |     9 ||     9
Invok: Heroism           |       |       |     1 |    10 ||    11
 Abil: Dig               |       |     2 |     9 |     2 ||    13
Evoke: Wand              |       |       |     5 |       ||     5
  Use: Scroll            |     2 |     4 |     9 |     1 ||    16
       Potion            |       |       |     5 |     4 ||     9
  Eat: Chunk             |       |     7 |    18 |    14 ||    39
Armor: Scale mail        |    51 |    76 |   173 |    80 ||   380
Dodge: Dodged            |    41 |    48 |   127 |   178 ||   394
Block: Shield            |    49 |   115 |   288 |   326 ||   778
       Rpst.: Long sword |    11 |     9 |    19 |       ||    39
       Falchion          |       |       |    16 |    30 ||    46
